Senators vs Canadiens

Created - October 4 2007 at 18:38

Goals
1 2 3 OT1 T
Senators 0 1 1 1 3
Canadiens 1 1 0 0 2
Shots
1 2 3 OT1 T
Senators 7 6 6 1 20
Canadiens 15 4 12 2 33

Period #1

1. Canadiens , Saku Koivu 1 (Michael Ryder, Andrei Markov) at 5:55

Penalities :
Petr Prucha (OTT) for Roughing (Minor) at 1:50, Mike Cammalleri (OTT) for Hooking (Minor) at 15:24, Martin Gelinas (MTL) for Slashing (Minor) at 17:28

Period #2

2. Canadiens , Ryan Kesler 1 (Lubomir Visnovsky, Bryan Smolinski) at 4:23
3. Senators , Jay Bouwmeester 2 (Jason Spezza, Dan Boyle) at 10:21 (PP)

Penalities :
Antoine Vermette (OTT) for Hooking (Minor) at 1:22, Jozef Stumpel (MTL) for Close Hand On Puck (Minor) at 6:58, Jozef Stumpel (MTL) for Roughing (Minor) at 9:17, Lee Stempniak (OTT) for Tripping (Minor) at 10:55, Darcy Tucker (MTL) for Fighting (Major) at 14:30, Dustin Penner (OTT) for Fighting (Major) at 14:30, Petr Prucha (OTT) for Elbowing (Minor) at 15:17

Period #3

4. Senators , Mike Cammalleri 2 (Alexander Frolov) at 2:50 (PP)

Penalities :
Mark Streit (MTL) for Holding (Minor) at 2:21, Jason Spezza (OTT) for Tripping (Minor) at 16:39, Tom Preissing (OTT) for Hooking (Minor) at 19:15

Overtime #1

5. Senators , Antoine Vermette 1 (Marc-Andre Bergeron, Anton Volchenkov) at 1:32

Penalities :
No Penalty

Goalie Stats

Kari Lehtonen (OTT), 31 saves from 33 shots - (0.939), W, 2-0-0, 61:33 minutes
Roberto Luongo (MTL), 17 saves from 20 shots - (0.850), OTL, 1-1-1, 61:33 minutes

Players Stats

Senators
Player Name              G  A  P  +/- PIM S  H  SB FO MP 
-----------------------------------------------------------
Alexander Frolov         0  1  1   0  0   0  2  0  3  20 
Antoine Vermette         1  0  1   1  2   5  2  0  18 22 
Anton Volchenkov         0  1  1   1  0   0  1  5  0  23 
Brent Seabrook           0  0  0  -2  0   0  1  1  0  6  
Chris Kelly              0  0  0   0  0   0  1  0  11 18 
Christoph Schubert       0  0  0   0  0   0  3  0  0  16 
Dan Boyle                0  1  1   0  0   0  3  0  0  19 
Dustin Penner            0  0  0   0  5   3  2  0  5  17 
Jason Spezza             0  1  1  -2  2   4  1  0  27 22 
Jay Bouwmeester          1  0  1  -2  0   1  0  1  0  24 
Lee Stempniak            0  0  0   0  2   3  0  0  0  16 
Marc-Andre Bergeron      0  1  1   1  0   0  0  1  0  23 
Marek Svatos             0  0  0  -2  0   0  0  0  0  7  
Mike Cammalleri          1  0  1   1  2   1  3  0  9  21 
Patrick Eaves            0  0  0   0  0   0  3  0  0  15 
Petr Prucha              0  0  0   0  4   2  2  0  0  16 
Rostislav Olesz          0  0  0  -2  0   0  0  0  0  7  
Tom Preissing            0  0  0   0  2   1  0  1  0  17 
Canadiens
Player Name              G  A  P  +/- PIM S  H  SB FO MP 
-----------------------------------------------------------
Andrei Markov            0  1  1   0  0   0  1  1  0  24 
Bryan Smolinski          0  1  1   1  0   1  0  0  7  9  
Craig Rivet              0  0  0   0  0   0  0  1  0  16 
Darcy Tucker             0  0  0   1  5   1  2  0  0  19 
Guillaume Latendresse    0  0  0   1  0   0  2  0  0  5  
Ilya Kovalchuk           0  0  0   0  0   5  1  0  1  18 
Jozef Stumpel            0  0  0   0  4   1  1  1  17 15 
Lubomir Visnovsky        0  1  1   1  0   1  0  0  0  24 
Mark Recchi              0  0  0  -1  0   4  1  0  2  18 
Mark Streit              0  0  0   0  2   0  1  0  0  15 
Martin Gelinas           0  0  0   0  2   0  2  0  0  15 
Michael Ryder            0  1  1   1  0   4  3  1  2  21 
Pavel Datsyuk            0  0  0   0  0   5  1  0  21 23 
Philippe Boucher         0  0  0   1  0   0  1  1  0  24 
Ryan Kesler              1  0  1   1  0   2  0  0  0  7  
Saku Koivu               1  0  1   0  0   4  1  0  23 22 
Sheldon Souray           0  0  0   0  0   3  0  3  0  24 
Viktor Kozlov            0  0  0   0  0   2  0  0  0  17 

3 Stars

1 - Mike Cammalleri (OTT)
2 - Antoine Vermette (OTT)
3 - Kari Lehtonen (OTT)

Power Play

Senators - 2 on 4 Attempt(s) - 50.00%
Canadiens - 0 on 7 Attempt(s) - 0.00%

Penalty Kill

Senators - 7 on 7 Attempt(s) - 100.00% - Score 0 goal in Penalty Kill
Canadiens - 2 on 4 Attempt(s) - 50.00% - Score 0 goal in Penalty Kill

Game Notes

Darcy Tucker and Dustin Penner fight to a draw at 14:30 of 2nd period

Finance

Level 1 -- Attendance: 4256 (60.80%) -- Ticket Income $425,600.00
Level 2 -- Attendance: 3617 (60.28%) -- Ticket Income $217,020.00
Level 3 -- Attendance: 2734 (85.93%) -- Ticket Income $95,690.00
Level 4 -- Attendance: 3888 (92.58%) -- Ticket Income $77,760.00
Luxury Box -- Attendance: 996 (79.71%) -- Ticket Income $199,200.00
Game was played at the Bell Centre
Total Attendance: 15491 (71.61%)
Total Ticket Income: $1,050,811.00
Other Income: $174,858.60
Total Income: $1,225,670.00


Play by Play

Period #1

0:01 of 1st period - Jason Spezza wins face-off versus Mark Recchi in neutral zone.
0:08 of 1st period - Shot by Jason Spezza.
0:08 of 1st period - Shot Misses the Net.
0:10 of 1st period - Shot by Jay Bouwmeester.
0:10 of 1st period - Deflect By Jason Spezza.
0:10 of 1st period - Stopped by Roberto Luongo without a rebound.
0:11 of 1st period - Saku Koivu wins face-off versus Antoine Vermette in Canadiens zone.
0:11 of 1st period - Saku Koivu is hit by Antoine Vermette.
0:14 of 1st period - Icing by Sheldon Souray.
0:15 of 1st period - Saku Koivu wins face-off versus Antoine Vermette in Canadiens zone.
0:56 of 1st period - Shot by Antoine Vermette.
0:56 of 1st period - Deflect By Dustin Penner.
0:56 of 1st period - Stopped by Roberto Luongo without a rebound.
0:57 of 1st period - Pavel Datsyuk wins face-off versus Alexander Frolov in Canadiens zone.
1:14 of 1st period - Shot by Jason Spezza.
1:14 of 1st period - Shot Misses the Net.
1:16 of 1st period - Shot by Jason Spezza.
1:16 of 1st period - Shot Misses the Net.
1:50 of 1st period - Minor Penalty to Petr Prucha for Roughing.
1:51 of 1st period - Saku Koivu wins face-off versus Mike Cammalleri in neutral zone.
1:54 of 1st period - Shot by Andrei Markov.
1:54 of 1st period - Shot Misses the Net.
1:56 of 1st period - Shot by Sheldon Souray.
1:56 of 1st period - Stopped by Kari Lehtonen without a rebound.
1:57 of 1st period - Mike Cammalleri wins face-off versus Saku Koivu in Senators zone.
2:15 of 1st period - Icing by Andrei Markov.
2:16 of 1st period - Jason Spezza wins face-off versus Saku Koivu in Canadiens zone.
2:54 of 1st period - Antoine Vermette is hit by Mark Recchi and loses puck.
2:59 of 1st period - Shot by Ilya Kovalchuk.
2:59 of 1st period - Stopped by Kari Lehtonen with a rebound.
3:03 of 1st period - Shot by Lubomir Visnovsky.
3:03 of 1st period - Stopped by Kari Lehtonen with a rebound.
3:07 of 1st period - Shot by Pavel Datsyuk.
3:07 of 1st period - Stopped by Kari Lehtonen without a rebound.
3:08 of 1st period - Saku Koivu wins face-off versus Mike Cammalleri in Senators zone.
3:26 of 1st period - Darcy Tucker is hit by Mike Cammalleri and loses puck.
3:33 of 1st period - Shot by Saku Koivu.
3:33 of 1st period - Shot Blocked by Anton Volchenkov.
3:35 of 1st period - Shot by Andrei Markov.
3:35 of 1st period - Shot Blocked by Anton Volchenkov.
3:37 of 1st period - Shot by Andrei Markov.
3:37 of 1st period - Shot Misses the Net.
3:55 of 1st period - Shot by Petr Prucha.
3:55 of 1st period - Shot Misses the Net.
4:31 of 1st period - Mark Streit is hit by Chris Kelly and loses puck.
5:51 of 1st period - Shot by Saku Koivu.
5:51 of 1st period - Shot Misses the Net.
5:53 of 1st period - Shot by Michael Ryder.
5:53 of 1st period - Stopped by Kari Lehtonen with a rebound.
5:55 of 1st period - Shot by Saku Koivu.
5:55 of 1st period - Goal by Saku Koivu - Senators : 0 - Canadiens : 1.
5:56 of 1st period - Mark Recchi wins face-off versus Antoine Vermette in neutral zone.
6:14 of 1st period - Shot by Mark Recchi.
6:14 of 1st period - Shot Misses the Net.
6:18 of 1st period - Shot by Pavel Datsyuk.
6:18 of 1st period - Shot Misses the Net.
6:20 of 1st period - Shot by Pavel Datsyuk.
6:20 of 1st period - Stopped by Kari Lehtonen without a rebound.
6:21 of 1st period - Jozef Stumpel wins face-off versus Chris Kelly in Senators zone.
7:45 of 1st period - Shot by Saku Koivu.
7:45 of 1st period - Shot Misses the Net.
7:47 of 1st period - Shot by Sheldon Souray.
7:47 of 1st period - Stopped by Kari Lehtonen with a rebound.
7:51 of 1st period - Shot by Darcy Tucker.
7:51 of 1st period - Shot Misses the Net.
7:53 of 1st period - Shot by Darcy Tucker.
7:53 of 1st period - Shot Misses the Net.
8:15 of 1st period - Shot by Alexander Frolov.
8:15 of 1st period - Deflect By Jason Spezza.
8:15 of 1st period - Shot Misses the Net.
8:19 of 1st period - Shot by Alexander Frolov.
8:19 of 1st period - Shot Misses the Net.
8:21 of 1st period - Shot by Mike Cammalleri.
8:21 of 1st period - Shot Blocked by Philippe Boucher.
9:20 of 1st period - Marc-Andre Bergeron is hit by Martin Gelinas and loses puck.
9:33 of 1st period - Shot by Antoine Vermette.
9:33 of 1st period - Shot Blocked by Jozef Stumpel.
9:35 of 1st period - Shot by Anton Volchenkov.
9:35 of 1st period - Shot Blocked by Craig Rivet.
9:39 of 1st period - Shot by Antoine Vermette.
9:39 of 1st period - Stopped by Roberto Luongo without a rebound.
9:40 of 1st period - Saku Koivu wins face-off versus Jason Spezza in Canadiens zone.
9:47 of 1st period - Shot by Saku Koivu.
9:47 of 1st period - Stopped by Kari Lehtonen with a rebound.
9:53 of 1st period - Shot by Michael Ryder.
9:53 of 1st period - Stopped by Kari Lehtonen with a rebound.
10:06 of 1st period - Jason Spezza is hit by Darcy Tucker and loses puck.
10:18 of 1st period - Saku Koivu is hit by Dustin Penner and loses puck.
10:31 of 1st period - Andrei Markov is hit by Patrick Eaves and loses puck.
10:39 of 1st period - Antoine Vermette is hit by Michael Ryder and loses puck.
12:38 of 1st period - Icing by Anton Volchenkov.
12:39 of 1st period - Antoine Vermette wins face-off versus Bryan Smolinski in Senators zone.
12:39 of 1st period - Antoine Vermette is hit by Guillaume Latendresse.
12:47 of 1st period - Ryan Kesler is hit by Antoine Vermette and loses puck.
13:11 of 1st period - Shot by Lee Stempniak.
13:11 of 1st period - Stopped by Roberto Luongo without a rebound.
13:12 of 1st period - Jozef Stumpel wins face-off versus Mike Cammalleri in Canadiens zone.
13:12 of 1st period - Jozef Stumpel is hit by Alexander Frolov.
13:24 of 1st period - Shot by Jason Spezza.
13:24 of 1st period - Stopped by Roberto Luongo with a rebound.
14:16 of 1st period - Michael Ryder is hit by Christoph Schubert and loses puck.
14:20 of 1st period - Icing by Chris Kelly.
14:21 of 1st period - Ilya Kovalchuk wins face-off versus Chris Kelly in Senators zone.
14:26 of 1st period - Shot by Ilya Kovalchuk.
14:26 of 1st period - Stopped by Kari Lehtonen without a rebound.
14:27 of 1st period - Bryan Smolinski wins face-off versus Antoine Vermette in Senators zone.
14:30 of 1st period - Shot by Bryan Smolinski.
14:30 of 1st period - Stopped by Kari Lehtonen without a rebound.
14:31 of 1st period - Pavel Datsyuk wins face-off versus Antoine Vermette in Senators zone.
14:34 of 1st period - Shot by Pavel Datsyuk.
14:34 of 1st period - Stopped by Kari Lehtonen without a rebound.
14:35 of 1st period - Antoine Vermette wins face-off versus Saku Koivu in Senators zone.
14:35 of 1st period - Antoine Vermette is hit by Michael Ryder.
15:12 of 1st period - Shot by Michael Ryder.
15:12 of 1st period - Stopped by Kari Lehtonen without a rebound.
15:13 of 1st period - Jozef Stumpel wins face-off versus Jason Spezza in Senators zone.
15:13 of 1st period - Jozef Stumpel is hit by Alexander Frolov.
15:18 of 1st period - Jozef Stumpel is hit by Dan Boyle and loses puck.
15:24 of 1st period - Minor Penalty to Mike Cammalleri for Hooking.
15:25 of 1st period - Jason Spezza wins face-off versus Pavel Datsyuk in Senators zone.
15:33 of 1st period - Off-side.
15:34 of 1st period - Jason Spezza wins face-off versus Pavel Datsyuk in neutral zone.
16:07 of 1st period - Shot by Ilya Kovalchuk.
16:07 of 1st period - Shot Blocked by Jay Bouwmeester.
16:09 of 1st period - Shot by Pavel Datsyuk.
16:09 of 1st period - Stopped by Kari Lehtonen without a rebound.
16:10 of 1st period - Dustin Penner wins face-off versus Saku Koivu in Senators zone.
16:19 of 1st period - Shot by Andrei Markov.
16:19 of 1st period - Shot Blocked by Anton Volchenkov.
16:23 of 1st period - Shot by Saku Koivu.
16:23 of 1st period - Shot Hit the Post.
16:46 of 1st period - Icing by Andrei Markov.
16:47 of 1st period - Saku Koivu wins face-off versus Dustin Penner in Canadiens zone.
16:47 of 1st period - Saku Koivu is hit by Anton Volchenkov.
17:28 of 1st period - Minor Penalty to Martin Gelinas for Slashing.
17:29 of 1st period - Pavel Datsyuk wins face-off versus Jason Spezza in Senators zone.
18:25 of 1st period - Antoine Vermette is hit by Andrei Markov and loses puck.
19:38 of 1st period - Shot by Michael Ryder.
19:38 of 1st period - Shot Blocked by Tom Preissing.
19:44 of 1st period - Shot by Lee Stempniak.
19:44 of 1st period - Shot Blocked by Sheldon Souray.
19:46 of 1st period - Shot by Tom Preissing.
19:46 of 1st period - Stopped by Roberto Luongo with a rebound.
19:50 of 1st period - Shot by Lee Stempniak.
19:50 of 1st period - Stopped by Roberto Luongo without a rebound.
19:51 of 1st period - Jozef Stumpel wins face-off versus Jason Spezza in Canadiens zone.

Period #2

0:01 of 2nd period - Pavel Datsyuk wins face-off versus Jason Spezza in neutral zone.
0:19 of 2nd period - Shot by Mark Recchi.
0:19 of 2nd period - Shot Misses the Net.
0:21 of 2nd period - Shot by Pavel Datsyuk.
0:21 of 2nd period - Shot Misses the Net.
1:22 of 2nd period - Minor Penalty to Antoine Vermette for Hooking.
1:23 of 2nd period - Saku Koivu wins face-off versus Dustin Penner in Senators zone.
1:52 of 2nd period - Shot by Darcy Tucker.
1:52 of 2nd period - Stopped by Kari Lehtonen without a rebound.
1:53 of 2nd period - Pavel Datsyuk wins face-off versus Mike Cammalleri in Senators zone.
2:04 of 2nd period - Shot by Pavel Datsyuk.
2:04 of 2nd period - Shot Misses the Net.
3:45 of 2nd period - Shot by Chris Kelly.
3:45 of 2nd period - Shot Misses the Net.
4:01 of 2nd period - Off-side.
4:02 of 2nd period - Bryan Smolinski wins face-off versus Jason Spezza in neutral zone.
4:15 of 2nd period - Shot by Ryan Kesler.
4:15 of 2nd period - Shot Blocked by Brent Seabrook.
4:19 of 2nd period - Shot by Ryan Kesler.
4:19 of 2nd period - Stopped by Kari Lehtonen with a rebound.
4:23 of 2nd period - Shot by Ryan Kesler.
4:23 of 2nd period - Goal by Ryan Kesler - Senators : 0 - Canadiens : 2.
4:24 of 2nd period - Saku Koivu wins face-off versus Antoine Vermette in neutral zone.
4:42 of 2nd period - Shot by Patrick Eaves.
4:42 of 2nd period - Shot Misses the Net.
4:48 of 2nd period - Shot by Marc-Andre Bergeron.
4:48 of 2nd period - Shot Misses the Net.
4:52 of 2nd period - Shot by Antoine Vermette.
4:52 of 2nd period - Deflect By Patrick Eaves.
4:52 of 2nd period - Shot Blocked by Andrei Markov.
4:54 of 2nd period - Shot by Patrick Eaves.
4:54 of 2nd period - Shot Misses the Net.
4:58 of 2nd period - Shot by Dustin Penner.
4:58 of 2nd period - Deflect By Patrick Eaves.
4:58 of 2nd period - Shot Misses the Net.
5:05 of 2nd period - Icing by Michael Ryder.
5:06 of 2nd period - Saku Koivu wins face-off versus Jason Spezza in Canadiens zone.
5:08 of 2nd period - Icing by Sheldon Souray.
5:09 of 2nd period - Chris Kelly wins face-off versus Michael Ryder in Canadiens zone.
6:10 of 2nd period - Pavel Datsyuk is hit by Mike Cammalleri and loses puck.
6:36 of 2nd period - Ilya Kovalchuk is hit by Jason Spezza and loses puck.
6:40 of 2nd period - Pavel Datsyuk is hit by Dan Boyle and loses puck.
6:43 of 2nd period - Shot by Mark Recchi.
6:43 of 2nd period - Stopped by Kari Lehtonen without a rebound.
6:44 of 2nd period - Jozef Stumpel wins face-off versus Antoine Vermette in Senators zone.
6:47 of 2nd period - Shot by Martin Gelinas.
6:47 of 2nd period - Deflect By Viktor Kozlov.
6:47 of 2nd period - Shot Misses the Net.
6:58 of 2nd period - Minor Penalty to Jozef Stumpel for Close Hand On Puck.
6:59 of 2nd period - Pavel Datsyuk wins face-off versus Antoine Vermette in Canadiens zone.
7:18 of 2nd period - Shot by Antoine Vermette.
7:18 of 2nd period - Stopped by Roberto Luongo without a rebound.
7:19 of 2nd period - Jason Spezza wins face-off versus Bryan Smolinski in Canadiens zone.
7:19 of 2nd period - Dan Boyle is hit by Guillaume Latendresse and loses puck.
7:24 of 2nd period - Shot by Alexander Frolov.
7:24 of 2nd period - Shot Misses the Net.
7:44 of 2nd period - Off-side.
7:45 of 2nd period - Pavel Datsyuk wins face-off versus Antoine Vermette in neutral zone.
8:02 of 2nd period - Shot by Patrick Eaves.
8:02 of 2nd period - Shot Misses the Net.
8:04 of 2nd period - Shot by Marc-Andre Bergeron.
8:04 of 2nd period - Shot Misses the Net.
8:06 of 2nd period - Shot by Antoine Vermette.
8:06 of 2nd period - Stopped by Roberto Luongo without a rebound.
8:07 of 2nd period - Pavel Datsyuk wins face-off versus Jason Spezza in Canadiens zone.
9:08 of 2nd period - Shot by Petr Prucha.
9:08 of 2nd period - Stopped by Roberto Luongo without a rebound.
9:09 of 2nd period - Jozef Stumpel wins face-off versus Chris Kelly in Canadiens zone.
9:15 of 2nd period - Lee Stempniak is hit by Martin Gelinas and loses puck.
9:17 of 2nd period - Minor Penalty to Jozef Stumpel for Roughing.
9:18 of 2nd period - Pavel Datsyuk wins face-off versus Antoine Vermette in Canadiens zone.
9:54 of 2nd period - Pavel Datsyuk is hit by Dustin Penner and loses puck.
10:19 of 2nd period - Shot by Jason Spezza.
10:19 of 2nd period - Shot Hit the Post.
10:21 of 2nd period - Shot by Jay Bouwmeester.
10:21 of 2nd period - Goal by Jay Bouwmeester - Senators : 1 - Canadiens : 2.
10:22 of 2nd period - Jozef Stumpel wins face-off versus Chris Kelly in neutral zone.
10:32 of 2nd period - Ilya Kovalchuk is hit by Petr Prucha and loses puck.
10:55 of 2nd period - Minor Penalty to Lee Stempniak for Tripping.
10:56 of 2nd period - Jason Spezza wins face-off versus Saku Koivu in Canadiens zone.
11:01 of 2nd period - Shot by Jason Spezza.
11:01 of 2nd period - Stopped by Roberto Luongo without a rebound.
11:02 of 2nd period - Pavel Datsyuk wins face-off versus Mike Cammalleri in Canadiens zone.
11:07 of 2nd period - Shot by Ilya Kovalchuk.
11:07 of 2nd period - Shot Misses the Net.
12:10 of 2nd period - Shot by Andrei Markov.
12:10 of 2nd period - Shot Misses the Net.
12:14 of 2nd period - Shot by Michael Ryder.
12:14 of 2nd period - Shot Misses the Net.
12:20 of 2nd period - Shot by Andrei Markov.
12:20 of 2nd period - Shot Misses the Net.
12:22 of 2nd period - Shot by Andrei Markov.
12:22 of 2nd period - Shot Misses the Net.
13:12 of 2nd period - Viktor Kozlov is hit by Christoph Schubert and loses puck.
13:33 of 2nd period - Shot by Petr Prucha.
13:33 of 2nd period - Stopped by Roberto Luongo without a rebound.
13:34 of 2nd period - Bryan Smolinski wins face-off versus Jason Spezza in Canadiens zone.
14:30 of 2nd period - Darcy Tucker and Dustin Penner fight to a draw.
14:30 of 2nd period - Penalty to Darcy Tucker for Fighting.
14:30 of 2nd period - Penalty to Dustin Penner for Fighting.
14:31 of 2nd period - Chris Kelly wins face-off versus Jozef Stumpel in Canadiens zone.
15:17 of 2nd period - Minor Penalty to Petr Prucha for Elbowing.
15:18 of 2nd period - Saku Koivu wins face-off versus Mike Cammalleri in Canadiens zone.
16:16 of 2nd period - Icing by Lubomir Visnovsky.
16:17 of 2nd period - Jozef Stumpel wins face-off versus Jason Spezza in Canadiens zone.
19:03 of 2nd period - Patrick Eaves is hit by Michael Ryder and loses puck.
19:39 of 2nd period - Icing by Jason Spezza.
19:40 of 2nd period - Jozef Stumpel wins face-off versus Jason Spezza in Senators zone.

Period #3

0:01 of 3rd period - Pavel Datsyuk wins face-off versus Jason Spezza in neutral zone.
0:12 of 3rd period - Shot by Ilya Kovalchuk.
0:12 of 3rd period - Stopped by Kari Lehtonen without a rebound.
0:13 of 3rd period - Saku Koivu wins face-off versus Dustin Penner in Senators zone.
0:57 of 3rd period - Shot by Michael Ryder.
0:57 of 3rd period - Stopped by Kari Lehtonen with a rebound.
1:16 of 3rd period - Pavel Datsyuk is hit by Mike Cammalleri and loses puck.
1:47 of 3rd period - Shot by Mark Recchi.
1:47 of 3rd period - Shot Misses the Net.
1:50 of 3rd period - Icing by Jay Bouwmeester.
1:51 of 3rd period - Jason Spezza wins face-off versus Jozef Stumpel in Senators zone.
2:10 of 3rd period - Icing by Mark Streit.
2:11 of 3rd period - Jozef Stumpel wins face-off versus Chris Kelly in Canadiens zone.
2:13 of 3rd period - Mark Streit is hit by Petr Prucha and loses puck.
2:21 of 3rd period - Minor Penalty to Mark Streit for Holding.
2:22 of 3rd period - Antoine Vermette wins face-off versus Bryan Smolinski in Canadiens zone.
2:47 of 3rd period - Shot by Dustin Penner.
2:47 of 3rd period - Stopped by Roberto Luongo without a rebound.
2:48 of 3rd period - Alexander Frolov wins face-off versus Pavel Datsyuk in Canadiens zone.
2:48 of 3rd period - Alexander Frolov is hit by Philippe Boucher.
2:50 of 3rd period - Shot by Mike Cammalleri.
2:50 of 3rd period - Goal by Mike Cammalleri - Senators : 2 - Canadiens : 2.
2:51 of 3rd period - Chris Kelly wins face-off versus Pavel Datsyuk in neutral zone.
3:08 of 3rd period - Lubomir Visnovsky is hit by Christoph Schubert and loses puck.
3:29 of 3rd period - Shot by Pavel Datsyuk.
3:29 of 3rd period - Stopped by Kari Lehtonen without a rebound.
3:30 of 3rd period - Saku Koivu wins face-off versus Jason Spezza in Senators zone.
3:39 of 3rd period - Shot by Saku Koivu.
3:39 of 3rd period - Shot Misses the Net.
3:41 of 3rd period - Shot by Sheldon Souray.
3:41 of 3rd period - Stopped by Kari Lehtonen with a rebound.
3:55 of 3rd period - Shot by Saku Koivu.
3:55 of 3rd period - Stopped by Kari Lehtonen without a rebound.
3:56 of 3rd period - Antoine Vermette wins face-off versus Jozef Stumpel in Senators zone.
4:11 of 3rd period - Shot by Martin Gelinas.
4:11 of 3rd period - Deflect By Viktor Kozlov.
4:11 of 3rd period - Stopped by Kari Lehtonen with a rebound.
4:13 of 3rd period - Shot by Viktor Kozlov.
4:13 of 3rd period - Shot Blocked by Anton Volchenkov.
4:15 of 3rd period - Shot by Viktor Kozlov.
4:15 of 3rd period - Shot Blocked by Anton Volchenkov.
4:19 of 3rd period - Shot by Jozef Stumpel.
4:19 of 3rd period - Deflect By Martin Gelinas.
4:19 of 3rd period - Shot Misses the Net.
4:21 of 3rd period - Shot by Viktor Kozlov.
4:21 of 3rd period - Deflect By Martin Gelinas.
4:21 of 3rd period - Shot Misses the Net.
4:25 of 3rd period - Shot by Martin Gelinas.
4:25 of 3rd period - Shot Blocked by Marc-Andre Bergeron.
4:29 of 3rd period - Shot by Jozef Stumpel.
4:29 of 3rd period - Deflect By Viktor Kozlov.
4:29 of 3rd period - Stopped by Kari Lehtonen with a rebound.
4:31 of 3rd period - Shot by Viktor Kozlov.
4:31 of 3rd period - Deflect By Jozef Stumpel.
4:31 of 3rd period - Stopped by Kari Lehtonen without a rebound.
4:32 of 3rd period - Chris Kelly wins face-off versus Pavel Datsyuk in Senators zone.
4:57 of 3rd period - Shot by Ilya Kovalchuk.
4:57 of 3rd period - Stopped by Kari Lehtonen without a rebound.
4:58 of 3rd period - Jason Spezza wins face-off versus Saku Koivu in Senators zone.
5:13 of 3rd period - Shot by Alexander Frolov.
5:13 of 3rd period - Shot Blocked by Sheldon Souray.
5:15 of 3rd period - Shot by Jason Spezza.
5:15 of 3rd period - Stopped by Roberto Luongo without a rebound.
5:16 of 3rd period - Jozef Stumpel wins face-off versus Antoine Vermette in Canadiens zone.
5:16 of 3rd period - Jozef Stumpel is hit by Patrick Eaves.
5:41 of 3rd period - Shot by Patrick Eaves.
5:41 of 3rd period - Shot Misses the Net.
5:55 of 3rd period - Shot by Antoine Vermette.
5:55 of 3rd period - Stopped by Roberto Luongo without a rebound.
5:56 of 3rd period - Jason Spezza wins face-off versus Pavel Datsyuk in Canadiens zone.
6:35 of 3rd period - Jason Spezza is hit by Ilya Kovalchuk and loses puck.
7:07 of 3rd period - Chris Kelly is hit by Pavel Datsyuk and loses puck.
7:19 of 3rd period - Icing by Lubomir Visnovsky.
7:20 of 3rd period - Antoine Vermette wins face-off versus Pavel Datsyuk in Canadiens zone.
7:56 of 3rd period - Pavel Datsyuk is hit by Patrick Eaves and loses puck.
8:31 of 3rd period - Shot by Lee Stempniak.
8:31 of 3rd period - Stopped by Roberto Luongo without a rebound.
8:32 of 3rd period - Jozef Stumpel wins face-off versus Jason Spezza in Canadiens zone.
8:47 of 3rd period - Viktor Kozlov is hit by Brent Seabrook and loses puck.
9:18 of 3rd period - Shot by Viktor Kozlov.
9:18 of 3rd period - Shot Misses the Net.
9:29 of 3rd period - Off-side.
9:30 of 3rd period - Chris Kelly wins face-off versus Saku Koivu in neutral zone.
9:46 of 3rd period - Petr Prucha is hit by Darcy Tucker and loses puck.
10:33 of 3rd period - Shot by Dustin Penner.
10:33 of 3rd period - Shot Misses the Net.
10:39 of 3rd period - Shot by Antoine Vermette.
10:39 of 3rd period - Shot Blocked by Sheldon Souray.
10:53 of 3rd period - Shot by Dustin Penner.
10:53 of 3rd period - Shot Blocked by Michael Ryder.
11:01 of 3rd period - Shot by Dustin Penner.
11:01 of 3rd period - Shot Misses the Net.
11:05 of 3rd period - Shot by Antoine Vermette.
11:05 of 3rd period - Shot Misses the Net.
11:14 of 3rd period - Saku Koivu is hit by Dan Boyle and loses puck.
12:31 of 3rd period - Chris Kelly is hit by Mark Streit and loses puck.
13:30 of 3rd period - Shot by Mark Recchi.
13:30 of 3rd period - Stopped by Kari Lehtonen with a rebound.
13:49 of 3rd period - Icing by Marc-Andre Bergeron.
13:50 of 3rd period - Antoine Vermette wins face-off versus Jozef Stumpel in Senators zone.
13:50 of 3rd period - Antoine Vermette is hit by Jozef Stumpel.
13:59 of 3rd period - Off-side.
14:00 of 3rd period - Bryan Smolinski wins face-off versus Jason Spezza in neutral zone.
14:38 of 3rd period - Shot by Jason Spezza.
14:38 of 3rd period - Deflect By Alexander Frolov.
14:38 of 3rd period - Shot Misses the Net.
15:03 of 3rd period - Icing by Christoph Schubert.
15:04 of 3rd period - Chris Kelly wins face-off versus Jozef Stumpel in Senators zone.
15:17 of 3rd period - Shot by Christoph Schubert.
15:17 of 3rd period - Shot Misses the Net.
16:05 of 3rd period - Shot by Ilya Kovalchuk.
16:05 of 3rd period - Shot Misses the Net.
16:17 of 3rd period - Shot by Mark Recchi.
16:17 of 3rd period - Stopped by Kari Lehtonen without a rebound.
16:18 of 3rd period - Antoine Vermette wins face-off versus Michael Ryder in Senators zone.
16:18 of 3rd period - Antoine Vermette is hit by Saku Koivu.
16:30 of 3rd period - Shot by Dustin Penner.
16:30 of 3rd period - Stopped by Roberto Luongo without a rebound.
16:31 of 3rd period - Alexander Frolov wins face-off versus Pavel Datsyuk in Canadiens zone.
16:39 of 3rd period - Minor Penalty to Jason Spezza for Tripping.
16:40 of 3rd period - Mike Cammalleri wins face-off versus Saku Koivu in Canadiens zone.
17:39 of 3rd period - Shot by Ilya Kovalchuk.
17:39 of 3rd period - Shot Misses the Net.
17:43 of 3rd period - Shot by Mark Recchi.
17:43 of 3rd period - Stopped by Kari Lehtonen without a rebound.
17:44 of 3rd period - Saku Koivu wins face-off versus Dustin Penner in Senators zone.
19:10 of 3rd period - Shot by Petr Prucha.
19:10 of 3rd period - Shot Misses the Net.
19:15 of 3rd period - Minor Penalty to Tom Preissing for Hooking.
19:16 of 3rd period - Pavel Datsyuk wins face-off versus Mike Cammalleri in Senators zone.

Overtime #1

0:01 of 1st overtime period - Pavel Datsyuk wins face-off versus Jason Spezza in neutral zone.
0:40 of 1st overtime period - Shot by Ilya Kovalchuk.
0:40 of 1st overtime period - Shot Misses the Net.
0:44 of 1st overtime period - Shot by Ilya Kovalchuk.
0:44 of 1st overtime period - Stopped by Kari Lehtonen without a rebound.
0:45 of 1st overtime period - Saku Koivu wins face-off versus Jason Spezza in Senators zone.
0:48 of 1st overtime period - Shot by Saku Koivu.
0:48 of 1st overtime period - Shot Misses the Net.
0:52 of 1st overtime period - Shot by Saku Koivu.
0:52 of 1st overtime period - Stopped by Kari Lehtonen without a rebound.
0:53 of 1st overtime period - Saku Koivu wins face-off versus Jason Spezza in Senators zone.
1:32 of 1st overtime period - Shot by Antoine Vermette.
1:32 of 1st overtime period - Goal by Antoine Vermette - Senators : 3 - Canadiens : 2.


Output by the SimonT Hockey Simulator (STHS) for Stephane Roy -- Original Page W3C XHTML 1.0 Valid